 Dungeon Crawl Stone Soup version 0.29-a0-378-gc08b2e8bf8 (webtiles) character file.

Game seed: 2446297154470832505

78 Majang the Sneak (level 4, -3/37 HPs)
             Began as a Human Delver on May 4, 2022.
             Killed from afar by an orc wizard (7 damage)
             ... with a puff of flame
             ... on level 4 of the Dungeon.
             The game lasted 00:01:37 (115 turns).

Majang the Sneak (Human Delver)                      Turns: 115, Time: 00:01:38

Health: -3/37      AC:  3    Str: 11 (12) XL:     4   Next: 61%
Magic:  4/4        EV: 12    Int:  9 (10) God:
Gold:   8          SH:  0    Dex: 22 (23) Spells: 3/3 levels left

rFire   . . .      SeeInvis .   h - +0 great sword
rCold   . . .      Faith    .   (shield currently unavailable)
rNeg    . . .      Spirit   .   b - +0 leather armour
rPois   .          Reflect  .   (no helmet)
rElec   .          Harm     .   (no cloak)
rCorr   .          Rampage  .   (no gloves)
Will    .....                   (no boots)
Stlth   +.........              (no amulet)
HPRegen 0.12/turn               i - +6 ring of dexterity
MPRegen 0.09/turn               k - +4 ring of slaying

@: confused, attractive
A: no striking features
a: no special abilities


You were on level 4 of the Dungeon.
You visited 1 branch of the dungeon, and saw 2 of its levels.

You collected 8 gold pieces.

Inventory:

Hand Weapons
 a - a +0 falchion
 h - a +0 great sword (weapon)
Armour
 b - a +0 leather armour (worn)
Jewellery
 i - a +6 ring of dexterity (left hand)
 k - a +4 ring of slaying (right hand)
Wands
 g - a wand of digging (3)
Scrolls
 c - a scroll of fog
 d - a scroll of magic mapping
 e - a scroll of fear
 l - a scroll of identify {unknown}
Potions
 f - a potion of haste


   Skills:
 + Level 3.7 Fighting
 * Level 3.8 Long Blades
 - Level 2.0 Dodging
 - Level 5.0 Stealth


You had 3 spell levels left.
You didn't know any spells.
Your spell library was empty.

Dungeon Overview and Level Annotations

Branches:
Dungeon (5/15)
 Temple: D:4-7

Altars:

Annotations:
D:5 Menkaure


Message History

You hit the orc wizard.
The orc wizard is moderately wounded.
The orc wizard hits you but does no damage.
You closely miss the orc wizard.
The orc wizard is moderately wounded.
The orc wizard barely misses you. Something hits you.
You miss something. Something hits you.
* * * LOW HITPOINT WARNING * * *
You slice something!!
Reactivating autopickup.
You feel a bit more experienced.
The orc wizard gestures at you while chanting.
The puff of flame misses you.
You hit the orc wizard.
The orc wizard is severely wounded.
The orc wizard completely misses you.
You hit the orc wizard.
The orc wizard is almost dead.
The orc wizard points at you and mumbles some strange words.
You are confused.
The orc wizard gestures at you while chanting.
The puff of flame hits you.
* * * LOW HITPOINT WARNING * * *
You hear a shout!
It was a potion of degeneration.
There was something very wrong with that liquid.
You feel weakened.
You feel dopey.
You feel clumsy. The orc wizard closely misses you.
It was a potion of attraction.
You feel attractive to monsters. The orc wizard closely misses you.
You bump into the rock wall.
The orc wizard hits you with a +0 dagger.
* * * LOW HITPOINT WARNING * * *
You hit the orc wizard.
You kill the orc wizard!
The orc wizard gestures at you while chanting.
The puff of flame hits you!
You die... ..### ..o.# ### oo.

#.. ...o
#.##.##.#
#....##.#
#.#####.#
#.#####o#
#....@)o#
#.#####.#
#.# #.#
#.# #.#
#.# #.#
..# #.#
### #.#
.#


You could see an orc wizard and an orc.

Vanquished Creatures
  A jelly (D:5)
  3 orc wizards (D:4)
4 creatures vanquished.

Notes
Turn   | Place    | Note
-------+----------+-------------------------------------------
     0 | D:5      | Majang the Human Delver began the quest for the Orb.
     0 | D:5      | Reached XP level 1. HP: 18/18 MP: 1/1
    34 | D:5      | Noticed a jelly
    36 | D:5      | Noticed Menkaure
    52 | D:5      | Killed a jelly
    53 | D:5      | Reached XP level 2. HP: 24/24 MP: 2/2
    53 | D:5      | Reached XP level 3. HP: 29/29 MP: 3/3
   105 | D:4      | Reached XP level 4. HP: 16/36 MP: 4/4
   115 | D:4      | Killed from afar by an orc wizard

Illustrated notes

Levels and vault maps discovered:
D:4:      layout_loops_cross, minmay_a_box_with_orc_wizards_in_it, uniq_pikel
D:5:      layout_rooms, minivault_24, uniq_menkaure

Skill      XL: |  1 |
---------------+----+-----
Long Blades    | 3 |  3.8
Fighting       | |  3.7
Dodging        | |  2.0
Stealth        | |  5.0

Action                   |  1- 3 |  4- 6 || total
-------------------------+-------+-------++-------
Melee: Great sword       |     4 |     7 ||    11
  Use: Potion            |       |     2 ||     2
Armor: Leather armour    |     3 |     1 ||     4
Dodge: Dodged            |     2 |     5 ||     7

Table legend: (Time is in decaauts)
 A = Elapsed time spent in this place.
 B = Non-inter-level travel time spent in this place.
 C = Inter-level travel time spent in this place.
 D = Time resting spent in this place.
 E = Time spent auto-exploring this place.
 F = Levels seen in this place.
 G = Mean time per level.
                   A        B        C        D        E       F      G
               +--------+--------+--------+--------+--------+-----+--------+
         Total |    118 |    118 |      0 |      0 |      0 |   2 |   59.0 |
       Dungeon |    118 |    118 |      0 |      0 |      0 |   2 |   59.0 |
               +--------+--------+--------+--------+--------+-----+--------+

Top non-repeatable levels by time:
     D:5: 64 daAuts
     D:4: 53 daAuts
